Description

Hi :D

Today, we are going to take a look at a build i've discovered in the last Nation Wars tournament, and was executed by uTermal !

This is an up to date version of the 1/1/1 all in you may have known in HotS, ! but this time with hellion harass, and liberator/tank/marine/medivac timing attack

In a first part, you will take vision and grab some probes with two hellions run-by. This way, you will confirm the second base, and weaken your opponent before the final attack :D

VOD

https://youtu.be/JXJCT_lbOUw

Replay - LiquidMaNa v uThermal - Dusk Towers

Build Order

Get SALT Encoding   

  14  0:15  Supply Depot  
  15  0:30  Refinery  @100%: 3 SCV
  16  0:45  Barracks  
  18  1:05  Refinery  @100%: 3 SCV
  19  1:30  Orbital Command  
  19  1:31  Marine  Then scoot
  20  1:35  Factory  
  20  1:45  Supply Depot  
  20  1:50  Barracks Reactor  @100% Reactor, switch with the factory
  22  2:20  Starport  
  22  2:30  Hellion x2  Then go harass the Protoss
  26  2:35  Supply Depot  
  27  2:40  Liberator  
  27  2:45  Barracks Tech Lab  
  27  2:50  Hellion x2  Then go harass the Protoss / @100% 3rd & 4th hellion, switch the factory and the barrack again
  34  3:05  Supply Depot  
  34  3:20  Marine x2  
  36  3:21  Siege Tank  
  36  3:22  Liberator  
  39  3:23  Marine x2  
  41  3:50  Siege Tank  
  43  3:55  Marine x2  
  43  4:00  Barracks  
Spawning Tool Build Advisor. Get it on Overwolf

Analysis

THEN LEAVE YOUR BASE AT 4:30 !

Actually, i think the game you can see on the VOD and the replay is relevant as the Protoss is showing some really good reaction. He almost defended the hellions perfectly and opted for the perfect counter: Phoenix tech !

But even with the perfect answer, we can see how taugh this game has been for Mana and how micro intensive it was for him to counter the 111 !

This build is really strong against all kind of protoss 2 bases greed such as robo, forges or twilight tech :)

But as you may have seen on the VOD and replay, the terran is perfectly denying the scoot from Mana. I think mana went for phoenix as he analyzed uTermal's games before the official match ! This map is really strong because you can't have direct acess to the possible terran expand and check this information (as a Toss); so i strongly recommand you to use this BO on Dusk Tower or Orbital Shipyard :D

Have fun, and rape some greedy Protoss on the ladder ;D

Go to:

Details

  • Created by: Ownards 
  • Published on: Feb 08, 2016
  • Modified on: Feb 08, 2016
  • Patch: Pre-3.8.0
Show
View Real Time Build Order
Export as new Build Order

Comments (2)

On Feb. 9, 2016, 3:46 p.m., Ownards  said:

Well actually its a global presentation of the build, so i also show the hard counter, for you to know in which situation you are as a terran. The build is perfectly executed from the terran, and that is the most important thing to focus on

Well i hope you didnt downvote the BO for this reason...

On Feb. 9, 2016, 3:03 p.m., buradd  said:

Uhmm, am i crazy or does the vod show this build getting countered hard by adepts and phoenix? The Terran surrenders pretty quick, isnt this a Terran build?

Create an account to comment!